 Dungeon Crawl Stone Soup version 0.18-a0-1805-g8ab820f (webtiles) character file.

108 MrRokkomies the Shooter (level 4, 28/33 HPs)
             Began as a Centaur Hunter on Apr 26, 2016.
             Was an Initiate of Makhleb.
             Quit the game on level 3 of the Dungeon.
             The game lasted 00:14:45 (2354 turns).

MrRokkomies the Shooter (Centaur Hunter)            Turns: 2354, Time: 00:14:45

Health: 28/33      AC:  3    Str: 15    XL:     4   Next: 58%
Magic:  4/4        EV:  8    Int: 10    God:    Makhleb [......]
Gold:   77         SH:  0    Dex: 10    Spells: 0 memorised, 3 levels left

rFire  . . .     SeeInvis .     a - +2 shortbow
rCold  . . .     Gourm    .     m - -2 ring mail (curse)
rNeg   . . .     Faith    .     (shield currently unavailable)
rPois  .         Spirit   +     (no helmet)
rElec  .         Dismiss  .     (no cloak)
rCorr  .         Reflect  .     (no gloves)
SustAt .         Harm     .     (no barding)
MR     .....     Clarity  +     g - amulet of guardian spirit
Stlth  ..........               (no ring)
                                h - ring of loudness (curse)

@: very quick, not resistant to hostile enchantments, extremely unstealthy
A: claws 1, hooves 3, clarity, deformed body, deterioration 2, speed 2, frail 1,
tough skin 3
a: Renounce Religion


You were on level 3 of the Dungeon.
You worshipped Makhleb.
Makhleb was noncommittal.
You were hungry.

You visited 1 branch of the dungeon, and saw 3 of its levels.

You collected 77 gold pieces.

Inventory:

Hand Weapons
 a - a +2 shortbow (weapon)
Missiles
 d - 17 arrows (quivered)
Armour
 e - a +1 scale mail
 m - a cursed -2 ring mail (worn)
Jewellery
 g - an amulet of guardian spirit (around neck)
 h - a cursed ring of loudness (left claw)
Scrolls
 i - a scroll of identify
Potions
 b - a potion of flight {unknown}
 c - a potion of agility
 j - a potion of cancellation {unknown}
Comestibles
 f - 3 bread rations
 l - a royal jelly


   Skills:
 - Level 2.8 Fighting
 * Level 6.9 Bows
 - Level 1.3 Dodging
 - Level 0.5 Stealth
 * Level 1.8 Unarmed Combat


You had 3 spell levels left.
You didn't know any spells.

Dungeon Overview and Level Annotations

Branches:
Dungeon (3/15)

Altars:
Cheibriados
Makhleb
Qazlal
Ru
Zin


Innate Abilities, Weirdness & Mutations

You have hooves in place of feet.
Armour fits poorly on your strangely shaped body.
You cover ground very quickly.
You have extremely tough skin (AC +3).
You have sharp fingernails.
You possess an exceptional clarity of mind.
Your body often deteriorates upon taking damage.
You are frail (-10% HP).


Message History

Aim: Jessica, wearing a robe (moderately wounded)
You shoot an arrow. The arrow hits Jessica.
You kill Jessica!
Makhleb accepts your kill.
You feel your intelligence returning.
No target in view!
d - 14 arrows (gained 1)
i - a scroll of identify
Found a potion of mutation.
d - 16 arrows (gained 2) Magic restored.
Found 11 sling bullets.
d - 17 arrows (gained 1)
You see here a robe.
You see here a potion of mutation.
k - a potion of mutation Drink which item? (? for menu, Esc to quit)
You feel extremely strange.
You feel frail.
You feel your body start to fall apart.
Are you sure you want to abandon this character and quit the game? (Confirm with "yes".)

### ... #.#
#######(.#
#@...(..#
###...######...
###[......... ####
##..#######
#..#######..#####
#...............#
#.###########.>....
#.# ###...
#.######## #.


There were no monsters in sight!

Vanquished Creatures
  Jessica (D:3)
  2 adders
  A worm (D:2)
  2 dart slugs
  4 giant geckos
  An orc (D:3)
  A ball python (D:1)
  5 bats
  3 giant cockroaches (D:1)
  6 goblins
  A hobgoblin (D:2)
  2 jackals (D:2)
  A quokka (D:3)
  6 giant newts
  9 kobolds
  9 rats
54 creatures vanquished.

Notes
Turn   | Place    | Note
--------------------------------------------------------------
     0 | D:1      | MrRokkomies the Centaur Hunter began the quest for the Orb.
     0 | D:1      | Reached XP level 1. HP: 17/17 MP: 1/1
   207 | D:1      | Reached XP level 2. HP: 20/24 MP: 2/2
   657 | D:1      | Reached skill level 6 in Bows
  1005 | D:1      | Reached XP level 3. HP: 30/30 MP: 3/3
  1489 | D:2      | Found a snail-covered altar of Cheibriados.
  1542 | D:2      | Gained mutation: You have sharp fingernails. [potion of mutation]
  1542 | D:2      | Gained mutation: Your body sometimes deteriorates upon taking damage. [potion of mutation]
  1542 | D:2      | Gained mutation: You possess an exceptional clarity of mind. [potion of mutation]
  1565 | D:2      | Found a sacrificial altar of Ru.
  1648 | D:2      | Found a stormy altar of Qazlal.
  1765 | D:2      | Reached skill level 1 in Unarmed Combat
  2081 | D:3      | Reached XP level 4. HP: 37/37 MP: 2/4
  2106 | D:3      | Found a glowing silver altar of Zin.
  2106 | D:3      | Found a burning altar of Makhleb.
  2107 | D:3      | Noticed a cacodemon
  2107 | D:3      | Noticed an angel
  2112 | D:3      | Became a worshipper of Makhleb the Destroyer
  2329 | D:3      | Noticed Jessica
  2336 | D:3      | Killed Jessica
  2353 | D:3      | Gained mutation: You are frail (-10% HP). [potion of mutation]
  2353 | D:3      | Gained mutation: Your body often deteriorates upon taking damage. [potion of mutation]
  2354 | D:3      | Quit the game

Vault maps used:
D:1:      minmay_arrival_glassed_features, st_stairs_12
D:2:      kennysheep_slug_shrine, grunt_qazlal_clouds, roderic_st_hans_cross,
          nicolae_ru_path_of_blood
D:3:      grunt_temple_overflow_order_and_chaos_2, old_standard_altar,
          overflow_temple_1_default, first_bread, serial_bayou_crossing,
          uniq_jessica

Skill      XL: |  1  2  3 |
---------------+----------+-----
Bows           | 6 |  6.9
Unarmed Combat | 1 |  1.8
Fighting       | |  2.8
Dodging        | |  1.3
Stealth        | |  0.5

Action                   |  1- 3 |  4- 6 || total
-------------------------+-------+-------++-------
Melee: Short sword       |   113 |       ||   113
       Kick              |    25 |     7 ||    32
       Unarmed           |    46 |    22 ||    68
       Punch             |       |     1 ||     1
 Fire: Shortbow          |    19 |     5 ||    24
  Use: Scroll            |     8 |       ||     8
       Potion            |     2 |     1 ||     3
  Eat: Chunk             |     2 |     1 ||     3
Armor: Scale mail        |    29 |       ||    29
       Ring mail         |    32 |    12 ||    44
Dodge: Dodged            |    50 |    13 ||    63
